 Dungeon Crawl Stone Soup version 0.19-a0-1019-g9c6a58d (webtiles) character file.

1743941 inmateoo the Severer (level 27, 219/219 HPs)
             Began as a Demonspawn Fighter on July 26, 2016.
             Was the Champion of Hepliaklqana.
             Escaped with the Orb
             ... and 3 runes on July 27, 2016!
             The game lasted 02:14:36 (70297 turns).

inmateoo the Severer (Demonspawn Fighter)          Turns: 70297, Time: 02:14:36

Health: 219/219    AC: 30    Str: 42    XL:     27
Magic:  40/40      EV: 24    Int: 20    God:    Hepliaklqana [******]
Gold:   4695       SH: 12    Dex: 17    Spells: 8 memorised, 15 levels left

rFire  + + +     SeeInvis .     L - +9 broad axe (chop)
rCold  + + +     Gourm    .     Z - +5 scale mail of the Jackalope {rF+ Str+3 Int+7 Dex+2}
rNeg   + + .     Faith    .     G - +1 buckler "Minlufu" {rF+ Str+4}
rPois  .         Spirit   .     (helmet unavailable)
rElec  +         Dismiss  .     m - +1 cloak of Starlight {rElec rC+ EV+4 Stlth--}
rCorr  +         Reflect  +     X - +3 pair of gauntlets of War {Slay+5}
SustAt .         Harm     .     C - +2 pair of boots {run}
MR     ++++.                    Q - +2 amulet of reflection
Stlth  ..........               J - ring of Coronation {rCorr MR++ Str+6 Stlth-}
                                Y - ring "Jaqit" {+Blink rC+ rN+ Str+3}

@: quick, incredibly resistant to hostile enchantments, extremely unstealthy
A: fangs 1, horns 3, yellow scales 3, blink, blurry vision 1, clever 1, cold
resistance 1, demonic guardian 3, fire resistance 1, negative energy resistance
1, powered by pain 3, screaming 1, 50% torment resistance, black mark,
MP-powered wands
a: Blink, Recall Ancestor, Ancestor Identity, Transference, Idealise, Renounce
Religion, Evoke Blink
0: Orb of Zot
}: 3/15 runes: serpentine, barnacled, silver


You escaped.
You worshipped Hepliaklqana.
Hepliaklqana was exalted by your worship.
You were very full.

You visited 11 branches of the dungeon, and saw 53 of its levels.
You also visited: Bailey and Wizlab.

You collected 8316 gold pieces.
You spent 3621 gold pieces at shops.

Inventory:

Hand Weapons
 L - a +9 broad axe of chopping (weapon)
Armour
 e - a +7 gold dragon armour
 m - the +1 cloak of Starlight (worn) {rElec rC+ EV+4 Stlth--}
   (You found it in a wizard's laboratory)

   It affects your evasion (+4).
   It protects you from cold.
   It insulates you from electricity.
   It makes you much less stealthy.
 C - a +2 pair of boots of running (worn)
 G - the +1 buckler "Minlufu" (worn) {rF+ Str+4}
   (You found it on level 11 of the Dungeon)

   It affects your strength (+4).
   It protects you from fire.
 X - the +3 pair of gauntlets of War (worn) {Slay+5}
   (You found it in a bailey)

   It affects your accuracy and damage with ranged weapons and melee attacks
   (+5).
 Z - the +5 scale mail of the Jackalope (worn) {rF+ Str+3 Int+7 Dex+2}
   (You bought it in a shop on level 2 of the Orcish Mines)

   It affects your strength (+3).
   It affects your intelligence (+7).
   It affects your dexterity (+2).
   It protects you from fire.
Jewellery
 A - an uncursed ring of protection from magic
 J - the ring of Coronation (right hand) {rCorr MR++ Str+6 Stlth-}
   (You bought it in a shop on level 4 of the Vaults)

   [ring of resist corrosion]

   It affects your strength (+6).
   It affects your resistance to hostile enchantments.
   It makes you less stealthy.
 M - an uncursed ring of see invisible
 Q - a +2 amulet of reflection (around neck)
 Y - the ring "Jaqit" (left hand) {+Blink rC+ rN+ Str+3}
   (You found it on level 5 of the Vaults)

   [ring of strength]

   It affects your strength (+3).
   It protects you from cold.
   It protects you from negative energy.
   It lets you blink.
Wands
 r - a wand of digging (5/24)
 x - a wand of heal wounds (2/9)
 y - a wand of paralysis (8/24)
 B - a wand of confusion (37/48)
 H - a wand of confusion (23/48)
 N - a wand of acid (4/15)
 V - a wand of disintegration (8/24)
Scrolls
 b - 6 scrolls of blinking
 c - 26 scrolls of remove curse
 g - 9 scrolls of fear
 j - a scroll of enchant weapon
 k - 8 scrolls of identify
 o - 2 scrolls of magic mapping
 D - 9 scrolls of fog
 I - 23 scrolls of teleportation
 R - 5 scrolls of amnesia
 T - a scroll of recharging
 W - 3 scrolls of silence
Potions
 a - 3 potions of berserk rage
 h - 6 potions of agility
 i - 4 potions of resistance
 l - 2 potions of magic
 p - 9 potions of might
 q - 3 potions of cancellation
 s - 8 potions of flight
 u - a potion of haste
 v - 8 potions of brilliance
 w - 5 potions of heal wounds
 E - 5 potions of ambrosia
 F - 2 potions of invisibility
 K - 19 potions of curing
 S - 5 potions of cure mutation
Miscellaneous
 d - a phial of floods (inert)
 n - 2 sacks of spiders
 O - a lamp of fire
Comestibles
 f - 25 bread rations
 t - 6 meat rations


   Skills:
 + Level 18.4 Fighting
 - Level 20.5 Axes
 + Level 17.1 Armour
 + Level 12.8 Dodging
 + Level 17.3 Shields
 + Level 13.1 Spellcasting
 * Level 10.5 Charms
 * Level 12.2 Necromancy
 - Level 11.0 Translocations
 + Level 13.3 Earth Magic
 * Level 18.8 Invocations
 - Level 13.6 Evocations


You had 15 spell levels left.
You knew the following spells:

 Your Spells              Type           Power        Failure   Level  Hunger
a - Regeneration          Chrm/Necr      ######....   1%          3    None
b - Shatter               Erth           ######....   100%        9    #######
c - Statue Form           Tmut/Erth      #####....    82%         6    #####..
d - Passwall              Tmut/Erth      #####.....   1%          2    None
e - Lee's Rapid Deconstr  Erth           ######....   1%          5    ####...
f - Passage of Golubria   Tloc           N/A          1%          4    None
g - Shroud of Golubria    Chrm/Tloc      ######....   1%          2    None
h - Iron Shot             Conj/Erth      #####.....   82%         6    #####..


Dungeon Overview and Level Annotations

Branches:
Dungeon (15/15)            Temple (1/1) D:5            Lair (6/6) D:10
 Shoals (4/4) Lair:4        Snake (4/4) Lair:3        Slime (0/5) Lair:6
    Orc (2/2) D:10            Elf (3/3) Orc:2        Vaults (5/5) D:14
  Crypt (3/3) Vaults:3       Tomb (0/3) Crypt:3      Depths (5/5) D:15
    Zot (5/5) Depths:5

Altars:
Ashenzari
Cheibriados
Dithmenos
Elyvilon
Fedhas
Gozag
Hepliaklqana
Kikubaaqudgha
Makhleb
Nemelex Xobeh
Okawaru
Pakellas
Qazlal
Ru
Sif Muna
Trog
Uskayaw
Vehumet
Xom
Yredelemnul
Zin
The Shining One
Jiyva
Lugonu

Shops:
D:7 (   D:11 (   D:12 (?((}   Orc:2 [([[   Elf:1 **(   Elf:3 (   Snake:3 (
Vaults:4 *   Vaults:5 (

Portals:
Hell: Depths:1 Depths:2 Depths:3 Depths:4 Depths:5
Abyss: Depths:2 Depths:4
Pandemonium: Depths:1 Depths:3
Ziggurat: Depths:1

Annotations:
Elf:2 5 runed doors
Depths:1 2 runed doors, exclusion: door


Innate Abilities, Weirdness & Mutations

You have a pair of large horns on your head.
You are completely covered in yellow scales. (AC +4, rCorr)
A powerful demonic guardian rushes to your aid.
You resist negative energy. (rN+)
You are powered by pain.
You are somewhat able to resist unholy torments (1 in 2 success).
Your melee attacks may debilitate your foes.
You have very sharp teeth.
You can translocate small distances at will.
Scrolls take you a little longer to read.
Your mind is acute. (Int +2)
Your flesh is cold resistant. (rC+)
Your flesh is heat resistant. (rF+)
You occasionally shout uncontrollably at your foes.
You expend magic power (3 MP) to strengthen your wands.


Message History

The slug dart hits the dart slug.
You see here 17 bolts.
Casting: Passwall
Confirm with . or Enter, or press ? or * to list all spells.
Which direction?
You begin to meditate on the wall.
You continue meditating on the rock. x3
You finish merging with the rock.
Unknown command.
Unknown command.
Unknown command.
Casting: Passwall
Confirm with . or Enter, or press ? or * to list all spells.
Which direction?
You begin to meditate on the wall.
You continue meditating on the rock. x3
You finish merging with the rock.
Unknown command.
Unknown command.
There is a fountain of clear blue water here.
There is a staircase leading out of the dungeon here.
You have escaped!

.## #.#####..# ##+##
#.#.#.# ..# #........#
#.# #.#.†.# .##
#####)..## #.# #.###.# ##
#.#(#######.##### #.###.#
#
#...............###......
#
#..##♣♣♣.♣♣♣##..........#
#..# ♣⌠♣ #...########
#.3♣♣♣♣♣.♣♣♣♣♣...#
#.....⌠.@.⌠......#
#..♣♣♣♣♣.♣♣♣♣♣...# #..#
♣⌠♣ #...#
#..##♣♣♣.♣♣♣##...#
#................# ######
###########..#...# #.....
########### #.######
#.####
#.........#######.#
######.####
#.######..........#
#.........#


You could see a ynoxinul.

Vanquished Creatures
  A pandemonium lord (D:14)
  3 orbs of fire
  Mara (Vaults:4)
  2 ancient liches (Zot:5)
  A juggernaut (Depths:3)
  2 greater mummies
  Bai Suzhen (Vaults:5)
  3 Killer Klowns (Zot:5)
  4 curse toes
  13 golden dragons
  A profane servitor (Crypt:3)
  Jory (Vaults:3)
  A bone dragon (Crypt:3)
  2 electric golems (Zot:5)
  3 liches
  16 tentacled monstrosities
  15 Orb Guardians (Zot:5)
  Asterion (Vaults:1)
  2 quicksilver dragons
  5 titans
  A kraken (Shoals:3)
  A deep elf blademaster (Elf:3)
  A deep elf master archer (Elf:3)
  An eldritch tentacle (WizLab)
  8 death cobs
  3 sphinxes
  2 ancient champions (Crypt:2)
  2 tentacled starspawn (WizLab)
  7 shadow dragons
  10 storm dragons
  Ilsuiw (Shoals:4)
  A draconian monk (Zot:1)
  6 tengu reavers
  7 greater nagas
  3 revenants
  8 fire giants
  Aizul (Shoals:1)
  10 frost giants
  An iron dragon (Depths:3)
  14 vault wardens
  A draconian scorcher (Depths:5)
  3 draconian knights
  A ghost moth (Zot:2)
  7 ghouls
  A caustic shrike zombie (Crypt:2)
  2 draconian zealots
  8 deep elf sorcerers
  6 draconian shifters
  4 curse skulls
  2 draconian annihilators
  12 ironheart preservers
  6 deep elf elementalists
  13 stone giants
  2 war gargoyles
  A draconian caller (Zot:3)
  2 entropy weavers
  A caustic shrike skeleton (Crypt:2)
  4 vampire knights
  2 deep elf demonologists (Elf:3)
  13 very ugly things
  4 deep elf annihilators (Elf:3)
  5 green draconians
  10 white draconians
  6 yellow draconians
  4 mottled draconians
  6 purple draconians
  6 red draconians
  4 black draconians
  2 spark wasps (Depths:5)
  8 ettins
  3 merfolk javelineers (Shoals:4)
  Snorg (D:10)
  A deep elf death mage (Elf:3)
  7 eidola
  2 mummy priests (Depths:2)
  A large abomination (Elf:3)
  6 jiangshi
  10 fire dragons
  7 merfolk impalers
  Erolcha (D:12)
  5 deep elf high priests
  13 yaktaur captains
  10 great orbs of eyes
  Fannar (D:12)
  8 naga warriors
  An ice dragon (shapeshifter) (Vaults:5)
  8 ice dragons
  A spriggan air mage (Depths:4)
  7 rakshasas
  A catoblepas (Shoals:1)
  31 vault guards
  A merfolk avatar (Shoals:3)
  3 hydras
  9 centaur warriors
  9 ogre magi
  13 anacondas
  7 death knights
  4 satyrs
  15 dancing weapons
  8 deep troll shamans
  3 merfolk aquamancers
  An alligator snapping turtle (Shoals:2)
  Urug (D:15)
  4 vampire magi
  3 thrashing horrors (WizLab)
  5 shock serpents
  3 tengu warriors
  4 death yaks
  An iron giant zombie (Crypt:2)
  7 deep troll earth magi
  3 orc high priests (Orc:2)
  6 spriggan berserkers
  2 small abominations
  2 soul eaters
  16 deep elf knights
  11 naga sharpshooters
  2 spriggans (Depths:2)
  A shock serpent (shapeshifter) (Vaults:5)
  A storm dragon zombie (Crypt:3)
  A shadow wraith (Vaults:5)
  A titan skeleton (Crypt:1)
  5 hell knights (Depths:3)
  Nergalle (Lair:2)
  An anaconda zombie (Crypt:3)
  2 iron trolls (Depths:3)
  A golden dragon zombie (Crypt:3)
  20 skeletal warriors
  5 salamander mystics (Snake:4)
  13 deep elf archers
  2 giant orange brains
  13 deep trolls
  A deep troll (shapeshifter) (Vaults:5)
  An unseen horror (WizLab)
  8 naga ritualists
  2 tengu zombies
  6 sea snakes
  An anaconda skeleton (Crypt:1)
  8 flayed ghosts
  7 orc knights
  5 hill giants
  3 lindwurms
  5 wizards
  5 necromancers
  18 phantasmal warriors
  An obsidian statue (WizLab)
  44 deep elf magi
  14 ironbrand convokers
  8 wolf spiders
  7 harpies
  11 oklob plants
  3 orc sorcerers
  2 wolf spider zombies (Crypt:3)
  13 mana vipers
  4 manticores
  38 ugly things
  An iron dragon zombie (Crypt:3)
  6 griffons
  4 salamanders
  A fire giant zombie (Crypt:3)
  A sphinx skeleton (Vaults:5)
  A griffon (shapeshifter) (Vaults:5)
  A stone giant zombie (Crypt:1)
  3 frost giant zombies
  9 fauns
  A hornet (shapeshifter) (Vaults:5)
  2 sixfirhies (WizLab)
  6 sirens
  4 elephants
  An octopode (shapeshifter) (Vaults:1)
  22 moths of wrath
  A salamander (shapeshifter) (Vaults:1)
  5 cyclopes
  3 hornets
  2 dire elephant zombies (Crypt:3)
  A black mamba (shapeshifter) (Elf:3)
  7 guardian serpents
  6 water nymphs
  10 vault sentinels
  3 molten gargoyles (D:13)
  29 black mambas
  9 spiny frogs
  15 naga magi
  A gargoyle (D:13)
  3 torpor snails (Lair:6)
  2 smoke demons
  A dire elephant skeleton (Crypt:1)
  3 rime drakes
  3 human zombies
  A demonspawn skeleton (WizLab)
  A rime drake (shapeshifter) (Vaults:4)
  11 komodo dragons
  A sea snake zombie (Crypt:1)
  A kobold demonologist (D:13)
  An emperor scorpion zombie (Crypt:3)
  A spark wasp simulacrum (Depths:2)
  A tormentor (WizLab)
  A human skeleton (Vaults:3)
  47 yaktaurs
  3 tengu conjurers
  25 freezing wraiths
  A guardian mummy (Crypt:3)
  A minotaur zombie (Crypt:3)
  A meliai (shapeshifter) (Depths:3)
  9 trolls
  7 hellwings
  A meliai (D:15)
  10 merfolk
  A queen bee (shapeshifter) (Vaults:4)
  4 jumping spiders
  A wind drake (shapeshifter) (Vaults:3)
  A shadow dragon simulacrum (Vaults:3)
  9 two-headed ogres
  3 wind drakes
  9 slime creatures
  3 snapping turtles
  A two-headed ogre (shapeshifter) (Vaults:5)
  2 giant leeches (Lair:6)
  A tarantella zombie (Crypt:1)
  An iron dragon simulacrum (Crypt:1)
  7 boulder beetles
  15 blink frogs
  A bog body (Crypt:2)
  3 stone giant simulacra
  2 ettin zombies
  A spriggan zombie (Depths:2)
  A vampire (D:13)
  4 redbacks
  Sigmund (D:2)
  2 spriggans (shapeshifter)
  A fire dragon skeleton (Crypt:1)
  11 water elementals
  19 wraiths
  4 flying skulls (Crypt:3)
  36 yaks
  A shadow (D:15)
  2 hogs (D:12)
  A human (shapeshifter) (Vaults:2)
  A ynoxinul (WizLab)
  4 air elementals
  A basilisk (Lair:5)
  4 fire elementals
  6 wyverns
  2 hungry ghosts
  Eustachio (D:6)
  Edmund (D:6)
  2 mottled dragons
  4 hippogriffs
  A mottled dragon (shapeshifter) (Elf:3)
  6 vampire mosquitoes
  7 spatial vortices (WizLab)
  37 nagas
  A soldier ant (shapeshifter) (Vaults:4)
  16 water moccasins
  4 wargs
  A hell hound (D:14)
  A deep troll zombie (Vaults:5)
  18 porcupines
  An infernal demonspawn skeleton (Crypt:2)
  3 ice beasts
  17 orc warriors
  2 phantoms
  A black bear (D:6)
  12 wasps
  13 boggarts
  16 necrophages
  A snapping turtle zombie (Crypt:3)
  32 ogres
  A snapping turtle skeleton (Crypt:1)
  4 wolves
  2 centaurs
  8 crocodiles
  2 big kobolds
  12 giant frogs
  A salamander skeleton (Crypt:1)
  A draconian skeleton (Crypt:2)
  8 wyvern skeletons
  Dowan (D:4)
  6 scorpions
  A scorpion (shapeshifter) (Depths:3)
  A human simulacrum (Vaults:3)
  An orc simulacrum (Vaults:1)
  14 wights
  5 howler monkeys
  3 crimson imps
  A black bear zombie (Crypt:2)
  A quasit (D:10)
  An iron imp (Depths:1)
  5 jellies
  A centaur zombie (D:9)
  6 hounds
  25 orc priests
  A giant frog skeleton (D:12)
  19 orc wizards
  A centaur skeleton (D:9)
  3 giant frog zombies
  Jessica (D:3)
  14 worker ants
  8 iguanas
  26 sheep
  A crocodile skeleton (Crypt:1)
  A mummy (Crypt:3)
  A worker ant zombie (D:6)
  12 adders
  8 gnolls
  22 river rats
  3 shadow imps (D:14)
  A white imp (D:10)
  An ooze (Lair:6)
  An adder zombie (D:7)
  2 adder skeletons
  A worm (D:3)
  4 giant geckos
  77 orcs
  11 bats
  2 giant cockroaches (D:3)
  9 goblins
  12 hobgoblins
  9 jackals
  4 quokkas
  2 ball pythons (D:2)
  A giant gecko skeleton (D:8)
  2 giant newts
  23 kobolds
  A quokka skeleton (D:4)
  A quokka zombie (D:8)
  8 rats
  A rat skeleton (Crypt:1)
  20 bushes (Zot:4)
  4 crawling corpses (Elf:3)
  20 fungi (Zot:4)
  21 plants
  3 starspawn tentacles (WizLab)
  2 tentacles (Shoals:3)
  6 withered plants (Crypt:3)
1998 creatures vanquished.

Vanquished Creatures (collateral kills)
  3 orbs of fire (Zot:5)
  2 ancient liches
  2 greater mummies (Depths:2)
  4 Killer Klowns
  Vashnia (Snake:2)
  Saint Roka (Orc:2)
  A curse toe (Zot:3)
  A golden dragon (Zot:2)
  Nikola (Snake:1)
  2 bone dragons
  3 electric golems
  8 tentacled monstrosities
  3 liches
  10 Orb Guardians (Zot:5)
  A deep elf blademaster (Elf:3)
  A death cob (Zot:1)
  The ghost of MordorOrchid the Eclecticist, an adept DsFE of Sif Muna (Vaults:1)
  A quicksilver dragon (Vaults:5)
  Polyphemus (Shoals:2)
  3 shadow dragons
  3 tengu reavers
  Roxanne (Shoals:2)
  Kirke (D:12)
  8 storm dragons
  2 draconian monks
  2 revenants (Crypt:1)
  3 deep elf sorcerers (Elf:3)
  7 vault wardens
  A draconian knight (Zot:1)
  A ghost moth (Zot:5)
  A deep elf elementalist (Elf:3)
  6 ghouls (Crypt:3)
  2 draconian scorchers
  2 draconian shifters
  4 ironheart preservers
  5 stone giants
  5 very ugly things
  A draconian annihilator (Zot:5)
  A spriggan defender (Depths:3)
  2 entropy weavers
  2 green draconians (Depths:5)
  A vampire knight (Crypt:1)
  4 deep elf demonologists
  5 yellow draconians
  3 deep elf annihilators
  2 mottled draconians (Zot:2)
  5 purple draconians
  3 red draconians
  3 black draconians
  A white draconian (Zot:1)
  Azrael (D:14)
  3 spark wasps
  A blizzard demon (D:11)
  4 ettins
  3 deep elf death magi
  4 yaktaur captains
  6 fire dragons
  3 merfolk javelineers (Shoals:4)
  2 merfolk impalers (Shoals:4)
  2 eidola (Crypt:3)
  Josephine (Lair:5)
  2 jiangshi (Crypt:3)
  A great orb of eyes (D:14)
  2 rakshasas
  5 ice dragons
  2 naga warriors
  9 vault guards
  3 hydras
  A merfolk avatar (Shoals:2)
  4 death knights
  9 anacondas
  4 dancing weapons (Elf:2)
  A satyr (Shoals:4)
  2 merfolk aquamancers (Shoals:4)
  4 ogre magi
  3 death yaks
  A vampire mage (Crypt:1)
  3 shock serpents
  2 tengu warriors
  3 deep troll earth magi
  A hell knight (Depths:3)
  2 deep troll shamans
  An orc high priest (Orc:2)
  3 naga sharpshooters
  A soul eater (D:14)
  A deep elf knight (Vaults:2)
  5 skeletal warriors (Crypt:3)
  A fire crab (Lair:4)
  2 shadow wraiths
  4 iron trolls
  A giant orange brain (Depths:3)
  A storm dragon skeleton (Crypt:2)
  An unseen horror (D:13)
  5 sea snakes
  2 flayed ghosts
  10 deep trolls
  2 naga ritualists
  2 wizards
  3 lindwurms
  6 hill giants
  6 deep elf archers
  Pikel (D:4)
  A hill giant (shapeshifter) (Depths:3)
  An orc knight (Vaults:1)
  6 harpies
  3 phantasmal warriors
  An ironbrand convoker (Vaults:3)
  2 necromancers
  8 mana vipers
  13 deep elf magi
  6 griffons
  An oklob plant (Zot:4)
  8 fauns
  A cyclops (Shoals:3)
  24 ugly things
  4 manticores
  2 orc sorcerers (Orc:2)
  3 salamanders
  7 elephants
  5 moths of wrath
  2 vault sentinels
  5 guardian serpents
  12 black mambas
  5 sirens
  8 naga magi
  5 water nymphs
  A gargoyle (D:14)
  A molten gargoyle (D:13)
  5 torpor snails
  2 komodo dragons (shapeshifter)
  A spiny frog (Lair:4)
  6 yaktaurs
  A dire elephant skeleton (Crypt:1)
  A komodo dragon (Lair:5)
  6 freezing wraiths
  A spriggan skeleton (Depths:2)
  4 trolls
  21 merfolk
  2 tengu conjurers
  Grinder (D:3)
  5 two-headed ogres
  2 meliai (D:15)
  2 giant leeches (Lair:6)
  2 polar bears (Lair:4)
  6 snapping turtles
  2 slime creatures (Vaults:2)
  A raiju (shapeshifter) (D:14)
  12 blink frogs
  A fire giant simulacrum (Depths:2)
  An air elemental (Depths:4)
  A shadow (D:15)
  6 water elementals
  2 wraiths
  2 basilisks
  A hog (D:12)
  A human (D:14)
  4 wyverns (Lair:6)
  21 yaks
  A steam dragon (D:14)
  3 fire elementals (D:14)
  3 hippogriffs
  A hungry ghost (D:15)
  A basilisk (shapeshifter) (D:13)
  2 wargs
  3 mottled dragons
  6 vampire mosquitoes
  A swamp worm (shapeshifter) (Depths:5)
  10 nagas
  2 hell hounds (D:14)
  3 water moccasins
  Duvessa (D:4)
  16 orc warriors
  A sky beast (D:10)
  2 ice beasts
  3 wasps (Lair:6)
  3 phantoms
  A swamp drake (D:10)
  A black bear (D:10)
  A centaur (D:14)
  A necrophage (Crypt:3)
  7 ogres
  4 wolves
  2 boggarts
  6 crocodiles
  A rime drake zombie (Crypt:1)
  2 big kobolds (D:7)
  6 giant frogs
  A wyvern skeleton (Crypt:3)
  3 wights
  An electric eel (Lair:6)
  2 crimson imps
  A giant frog zombie (D:13)
  A jelly (D:8)
  14 orc priests
  A giant frog skeleton (D:7)
  A hound (D:10)
  An iguana (D:13)
  12 orc wizards
  7 worker ants
  8 sheep
  A mummy (Crypt:3)
  An adder (Lair:6)
  17 river rats
  2 oozes (Lair:6)
  A giant gecko (D:8)
  30 orcs
  A hobgoblin (Bailey)
  A quokka (D:11)
  15 kobolds
  13 bushes (Zot:4)
  A crawling corpse (Elf:3)
  A fungus (Lair:6)
  16 plants
  3 tentacles (Shoals:3)
797 creatures vanquished.

Vanquished Creatures (others)
  A deep elf master archer (Elf:3)
  A vampire knight (Depths:4)
  A merfolk javelineer (Shoals:3)
  2 satyrs (Shoals:4)
  A vampire mage (Depths:1)
  3 deep elf archers
  A cyclops (Vaults:2)
  A manticore (Shoals:4)
  A faun (Shoals:3)
  A two-headed ogre (Vaults:3)
  A jumping spider (Vaults:5)
  A sky beast (D:8)
  A centaur (D:12)
  47 battlemagi
  An ancestor (D:8)
  A giant gecko (D:4)
  A kobold (Bailey)
  2339 eldritch tentacle segments (WizLab)
  5 fungi (Lair:6)
  12 plants
  A starspawn tentacle (WizLab)
  13 starspawn tentacle segments (WizLab)
  3 tentacles (Shoals:3)
  71 tentacle segments (Shoals:3)
  3 withered plants (Crypt:3)
2513 creatures vanquished.

Grand Total: 5308 creatures vanquished

Notes
Turn   | Place    | Note
-------+----------+-------------------------------------------
     0 | D:1      | inmateoo the Demonspawn Fighter began the quest for the Orb.
     0 | D:1      | Reached XP level 1. HP: 18/18 MP: 1/1
    87 | D:1      | Reached skill level 2 in Axes
   255 | D:1      | Gained mutation: You have a pair of small horns on your head. [demonic ancestry]
   255 | D:1      | Reached XP level 2. HP: 24/24 MP: 2/2
   614 | D:1      | Reached skill level 3 in Axes
   817 | D:2      | Gained mutation: You sometimes gain a little power by taking damage. [demonic ancestry]
   817 | D:2      | Reached XP level 3. HP: 25/29 MP: 3/3
   846 | D:2      | Noticed Sigmund
  1130 | D:2      | Killed Sigmund
  1130 | D:2      | Reached skill level 5 in Axes
  1130 | D:2      | Gained mutation: A weak demonic guardian rushes to your aid. [demonic ancestry]
  1130 | D:2      | Reached XP level 4. HP: 13/35 MP: 4/4
  1130 | D:2      | Gained mutation: You sometimes gain power by taking damage. [demonic ancestry]
  1130 | D:2      | Reached XP level 5. HP: 16/41 MP: 5/5
  1372 | D:3      | Noticed Jessica
  1375 | D:3      | Killed Jessica
  1400 | D:3      | Gained mutation: A demonic guardian rushes to your aid. [demonic ancestry]
  1400 | D:3      | Reached XP level 6. HP: 37/47 MP: 6/6
  1461 | D:3      | Reached skill level 6 in Axes
  1816 | D:3      | HP: 2/47 [worker ant (2)]
  2113 | D:3      | Found a glowing golden altar of the Shining One.
  2366 | D:3      | Noticed Grinder
  2368 | D:3      | Killed Grinder
  2368 | D:3      | Reached XP level 7. HP: 49/52 MP: 7/7
  2645 | D:4      | Found a snail-covered altar of Cheibriados.
  2850 | D:4      | Noticed Duvessa
  2859 | D:4      | Killed Duvessa
  2861 | D:4      | Noticed Dowan
  2877 | D:4      | Killed Dowan
  3163 | D:4      | Noticed Pikel
  3169 | D:4      | Killed Pikel
  3169 | D:4      | Reached skill level 7 in Axes
  3236 | D:4      | Gained mutation: You are partially covered in yellow scales. (AC +2) [demonic ancestry]
  3236 | D:4      | Reached XP level 8. HP: 60/60 MP: 8/8
  3808 | D:5      | Entered Level 5 of the Dungeon
  3970 | D:5      | Found a staircase to the Ecumenical Temple.
  4220 | Temple   | Entered the Ecumenical Temple
  4326 | Temple   | Became a worshipper of Hepliaklqana
  4433 | D:6      | Reached skill level 5 in Fighting
  4508 | D:6      | Noticed Eustachio
  4516 | D:6      | Killed Eustachio
  4516 | D:6      | Reached skill level 5 in Shields
  4571 | D:6      | Reached skill level 5 in Armour
  4701 | D:6      | Noticed Edmund
  4707 | D:6      | Killed Edmund
  4707 | D:6      | Reached XP level 9. HP: 63/69 MP: 9/9
  4988 | D:7      | Reached * piety under Hepliaklqana
  5401 | D:7      | Reached skill level 8 in Axes
  5627 | D:7      | Found Moba's Antique Weapon Shop.
  5910 | D:8      | Reached ** piety under Hepliaklqana
  6659 | D:9      | Gained mutation: You are powered by pain. [demonic ancestry]
  6659 | D:9      | Reached XP level 10. HP: 79/79 MP: 10/10
  7441 | D:9      | Remembered your ancestor Dimannoob as a battlemage
  7444 | D:10     | Entered Level 10 of the Dungeon
  7526 | D:10     | Reached skill level 9 in Axes
  7566 | D:10     | Reached *** piety under Hepliaklqana
  7567 | D:10     | Found a staircase to the Lair.
  7900 | D:10     | Noticed Snorg
  7909 | D:10     | Killed Snorg
  7968 | D:10     | Found a staircase to the Orcish Mines.
  8207 | D:10     | Reached XP level 11. HP: 70/87 MP: 11/11
  8348 | D:11     | Noticed a hill giant
  8354 | D:11     | Killed a hill giant
  8468 | D:11     | Noticed an eight-headed hydra
  8475 | D:11     | Killed a six-headed hydra
  8671 | D:11     | Noticed a hill giant
  8678 | D:11     | Killed a hill giant
  8724 | D:11     | Noticed a hill giant
  8729 | D:11     | Killed a hill giant
  8738 | D:11     | Got a transparent buckler
  8756 | D:11     | Identified the +1 buckler "Minlufu" {rF+ Str+4} (You found it on level 11 of the Dungeon)
  8764 | D:11     | Noticed a hill giant
  8770 | D:11     | Killed a hill giant
  8770 | D:11     | Reached skill level 10 in Axes
  8903 | D:11     | Found Zoco's Antique Weapon Shop.
  8974 | D:12     | Found Uptith's Weapon Shoppe.
  9084 | D:12     | Got a steaming war axe
  9085 | D:12     | Identified the cursed +1 war axe of Tezxeih {chop, rF+} (You found it on level 12 of the Dungeon)
  9104 | D:12     | Found Jugeqita's Weapon Boutique.
  9303 | D:12     | Found Ruixuem's Antique Weapon Emporium.
  9309 | D:12     | Noticed Erolcha
  9315 | D:12     | Killed Erolcha
  9327 | D:12     | Bought a runed war axe for 101 gold pieces
  9389 | D:12     | Found Qareadd's Gadget Emporium.
  9484 | D:12     | Noticed Kirke
  9496 | D:12     | Killed Kirke
  9505 | D:12     | Found Keonum's Magic Scroll Shoppe.
  9573 | D:12     | Noticed Fannar
  9582 | D:12     | Killed Fannar
  9618 | D:12     | Reached **** piety under Hepliaklqana
  9678 | D:13     | Found a shadowy altar of Dithmenos.
  9722 | D:13     | Noticed a centaur warrior
  9732 | D:13     | Killed a centaur warrior
  9732 | D:13     | Reached skill level 10 in Fighting
  9732 | D:13     | Reached XP level 12. HP: 96/97 MP: 12/12
  9765 | D:13     | Gained mutation: Your flesh is cold resistant. (rC+) [mutagenic meat]
  9768 | D:13     | Gained mutation: You have a pair of horns on your head. [mutagenic meat]
  9989 | D:13     | Noticed a tengu warrior
  9997 | D:13     | Killed a tengu warrior
 10342 | D:13     | Reached skill level 11 in Axes
 10388 | D:13     | Noticed a death knight
 10410 | D:13     | Killed a death knight
 10977 | D:13     | Reached skill level 10 in Shields
 11110 | D:13     | Noticed a centaur warrior
 11118 | D:13     | Killed a centaur warrior
 11149 | D:14     | Reached skill level 10 in Armour
 11161 | D:14     | Noticed Azrael
 11429 | D:14     | Killed Azrael
 11596 | D:13     | Noticed a centaur warrior
 11607 | D:13     | Killed a centaur warrior
 11607 | D:13     | Reached XP level 13. HP: 58/106 MP: 13/13
 11949 | D:13     | Gained mutation: You expend magic power (3 MP) to strengthen your wands. [mutagenic meat]
 11952 | D:13     | Gained mutation: You can translocate small distances at will. [mutagenic meat]
 11955 | D:13     | Gained mutation: You have very sharp teeth. [mutagenic meat]
 12100 | D:14     | Found a shattered altar of Ashenzari.
 12170 | D:14     | Reached skill level 12 in Axes
 12729 | D:14     | Found a gate to the Vaults.
 12894 | D:15     | Entered Level 15 of the Dungeon
 12916 | D:15     | Gained mutation: You are frail. (-10% HP) [mutagenic meat]
 12922 | D:15     | Gained mutation: Your flesh is heat resistant. (rF+) [mutagenic meat]
 12925 | D:15     | Lost mutation: You are frail. (-10% HP) [mutagenic meat]
 12928 | D:15     | Gained mutation: Your mind is acute. (Int +2) [mutagenic meat]
 13315 | D:15     | Reached skill level 1 in Invocations
 13540 | D:15     | Gained mutation: Your spells are a little harder to cast, but a little more powerful. [potion of beneficial mutation]
 13541 | D:15     | Gained mutation: Your mind is very acute. (Int +4) [potion of beneficial mutation]
 13543 | D:15     | Noticed Urug
 13548 | D:15     | Killed Urug
 13831 | D:14     | Found a radiant altar of Vehumet.
 14458 | D:15     | Found a staircase to the Depths.
 14463 | D:15     | Reached skill level 13 in Axes
 14472 | D:15     | Gained mutation: You have a pair of large horns on your head. [demonic ancestry]
 14472 | D:15     | Reached XP level 14. HP: 58/114 MP: 16/16
 15124 | Lair:1   | Entered Level 1 of the Lair of Beasts
 15336 | Lair:1   | Reached ***** piety under Hepliaklqana
 15704 | Lair:2   | Noticed Nergalle
 15724 | Lair:2   | Killed Nergalle
 16264 | Lair:2   | Reached skill level 5 in Invocations
 16929 | Lair:3   | Found a staircase to the Snake Pit.
 17841 | Lair:4   | Found a staircase to the Shoals.
 17888 | Lair:4   | Reached skill level 14 in Axes
 18422 | Lair:5   | Noticed Josephine
 18429 | Lair:5   | Killed Josephine
 18442 | Lair:5   | Reached XP level 15. HP: 99/122 MP: 19/19
 18473 | Lair:5   | Reached ****** piety under Hepliaklqana
 19164 | Lair:6   | Entered Level 6 of the Lair of Beasts
 20107 | Lair:6   | Found a runed door.
 20108 | Lair:6   | Found a viscous altar of Jiyva.
 20110 | Lair:6   | Found a staircase to the Slime Pits.
 20321 | Lair:6   | Found a runed door.
 20864 | Orc:1    | Entered Level 1 of the Orcish Mines
 20916 | Orc:1    | Found a flagged portal.
 20934 | Bailey   | Entered a bailey
 21478 | Orc:1    | Reached skill level 15 in Axes
 21667 | Orc:2    | Entered Level 2 of the Orcish Mines
 21686 | Orc:2    | Noticed Saint Roka
 22195 | Orc:2    | Killed Saint Roka
 22209 | Orc:2    | Found a staircase to the Elven Halls.
 22679 | Orc:2    | Found Zikiskec's Armour Boutique.
 22679 | Orc:2    | Found Cocs's Antique Armour Shop.
 22680 | Orc:2    | Found Huom's Armour Shop.
 22683 | Orc:2    | Found Moqabbo Ujor's Antique Weapon Boutique.
 22686 | Orc:2    | Bought a +1 pair of boots of running for 511 gold pieces
 22686 | Orc:2    | Bought the +1 cloak of Xom's Esteem {rC+} for 329 gold pieces
 22686 | Orc:2    | Bought the +5 scale mail of the Jackalope {rF+ Str+3 Int+7 Dex+2} for 954 gold pieces
 22687 | Orc:2    | Bought a shimmering war axe for 229 gold pieces
 23086 | Shoals:1 | Entered Level 1 of the Shoals
 23150 | Shoals:1 | Reached XP level 16. HP: 98/131 MP: 22/22
 23243 | Shoals:1 | Noticed Aizul
 23254 | Shoals:1 | Killed Aizul
 24008 | Shoals:2 | Noticed Polyphemus
 24019 | Shoals:2 | HP: 4/131 [death yak[Polyphemus] (9)]
 24019 | Shoals:2 | HP: 1/131 [merfolk impaler/trident of flaming (3)]
 24412 | Shoals:1 | Reached skill level 1 in Evocations
 24656 | Shoals:2 | Killed Polyphemus
 24780 | Shoals:2 | Identified a scroll of acquirement
 24886 | Shoals:2 | Noticed Roxanne
 24906 | Shoals:2 | Killed Roxanne
 24911 | Shoals:2 | Identified Roxanne's Almanac of Transmutation (You took it off Roxanne on level 2 of the Shoals)
 24921 | Shoals:2 | Learned a level 6 spell: Iron Shot
 25013 | Shoals:2 | Learned a level 9 spell: Shatter
 25301 | Shoals:3 | Reached skill level 1 in Earth Magic
 25400 | Shoals:3 | Noticed a kraken
 25420 | Shoals:3 | Killed a kraken
 25420 | Shoals:3 | Reached skill level 1 in Spellcasting
 25509 | Shoals:3 | Reached skill level 10 in Invocations
 25946 | Shoals:3 | Reached skill level 16 in Axes
 26233 | Shoals:4 | Entered Level 4 of the Shoals
 26429 | Shoals:4 | Noticed Ilsuiw
 27031 | Shoals:4 | Gained mutation: You are mostly covered in yellow scales. (AC +3) [demonic ancestry]
 27031 | Shoals:4 | Reached XP level 17. HP: 54/138 MP: 24/24
 28020 | Shoals:4 | HP: 1/138 [faun/uncursed spear[a satyr] (26)]
 28157 | Shoals:4 | Killed Ilsuiw
 28339 | Shoals:4 | Got a barnacled rune of Zot
 28520 | Shoals:4 | Reached skill level 1 in Dodging
 28848 | Vaults:1 | Entered Level 1 of the Vaults
 29011 | Vaults:1 | Noticed MordorOrchid's ghost (adept DsFE)
 29021 | Vaults:1 | Killed MordorOrchid's ghost
 29131 | Vaults:1 | Noticed Asterion
 29143 | Vaults:1 | Killed Asterion
 29187 | Vaults:1 | Found a shadowy altar of Dithmenos.
 29858 | Vaults:2 | Found a hide-covered altar of Uskayaw.
 29868 | Vaults:2 | Reached skill level 5 in Earth Magic
 30105 | Vaults:2 | Reached skill level 5 in Evocations
 30107 | Vaults:2 | Mutation became permanent: You have a pair of large horns on your head. [demonic ancestry]
 30107 | Vaults:2 | Reached XP level 18. HP: 42/146 MP: 26/26
 30735 | Vaults:2 | Reached skill level 17 in Axes
 31592 | Vaults:3 | Noticed Jory
 31614 | Vaults:3 | Killed Jory
 32380 | Vaults:3 | Reached skill level 5 in Spellcasting
 32394 | Vaults:3 | Noticed a bone dragon
 32404 | Vaults:3 | Killed a bone dragon
 32735 | Vaults:3 | Found a staircase to the Crypt.
 32896 | Vaults:3 | Identified Zatuipp's Collected Works on Excruciating Benedictions
 34384 | Vaults:4 | Gained mutation: You are completely covered in yellow scales. (AC +4, rCorr) [demonic ancestry]
 34384 | Vaults:4 | Reached XP level 19. HP: 61/153 MP: 27/27
 35062 | Vaults:4 | Found Oskeila's General Store.
 35069 | Vaults:4 | Bought the ring of Coronation {rCorr MR++ Str+6 Stlth-} for 838 gold pieces
 35097 | Vaults:4 | Noticed Mara
 35110 | Vaults:4 | Noticed inmateoo's illusion
 35119 | Vaults:4 | Killed Mara
 35133 | Vaults:4 | Reached skill level 5 in Dodging
 36569 | Elf:1    | Entered Level 1 of the Elven Halls
 36676 | Elf:1    | Found Sualuq's Antique Weapon Emporium.
 36678 | Elf:1    | Found Diajiem's General Store.
 36688 | Elf:1    | Bought a potion of curing for 51 gold pieces
 36688 | Elf:1    | Bought 3 scrolls of identify for 102 gold pieces
 36688 | Elf:1    | Bought a scroll of identify for 34 gold pieces
 36691 | Elf:1    | Found Vaobb's Assorted Antiques.
 36700 | Elf:1    | Bought a dark potion for 30 gold pieces
 36700 | Elf:1    | Bought a potion of heal wounds for 170 gold pieces
 36700 | Elf:1    | Bought a scroll of identify for 68 gold pieces
 36704 | Elf:1    | Bought a long brass wand for 136 gold pieces
 36704 | Elf:1    | Bought a scroll of fog for 68 gold pieces
 37431 | Elf:1    | Reached skill level 15 in Fighting
 37813 | Elf:2    | Found a huge runed gate.
 37813 | Elf:2    | Found a huge runed gate.
 37813 | Elf:2    | Found a huge runed gate.
 37813 | Elf:2    | Found a huge runed gate.
 37813 | Elf:2    | Found a huge runed gate.
 37961 | Elf:2    | Reached skill level 18 in Axes
 37981 | Elf:2    | Learned a level 6 spell: Statue Form
 38156 | Elf:3    | Entered Level 3 of the Elven Halls
 38186 | Elf:3    | Found a deep blue altar of Sif Muna.
 38224 | Elf:3    | Reached XP level 20. HP: 114/162 MP: 29/29
 38486 | Elf:3    | Found Couriy's Weapon Boutique.
 39140 | Elf:3    | Reached skill level 10 in Evocations
 40360 | Elf:3    | Identified Sif Muna's Almanac of the Frostbite and Shape Shifting
 40364 | Elf:3    | Learned a level 2 spell: Passwall
 40383 | Elf:3    | Learned a level 5 spell: Lee's Rapid Deconstruction
 40388 | Elf:3    | Learned a level 4 spell: Passage of Golubria
 40706 | Snake:1  | Entered Level 1 of the Snake Pit
 40761 | Snake:1  | Noticed Nikola
 40767 | Snake:1  | Killed Nikola
 40884 | Snake:1  | Reached skill level 1 in Translocations
 41162 | Snake:2  | Found a radiant altar of Vehumet.
 41179 | Snake:2  | Noticed Vashnia
 41196 | Snake:2  | Killed Vashnia
 42149 | Snake:2  | HP: 8/163 [poisoned by a guardian serpent (bolt of poison)]
 42156 | Snake:2  | HP: 8/163 [poisoned by a guardian serpent (bolt of poison)]
 42163 | Snake:2  | HP: 8/163 [poisoned by a guardian serpent (bolt of poison)]
 43047 | Snake:3  | Reached XP level 21. HP: 161/169 MP: 32/32
 43299 | Snake:3  | Found Aheot's Weapon Shop.
 43705 | Snake:4  | Entered Level 4 of the Snake Pit
 46983 | Snake:4  | Got a serpentine rune of Zot
 47524 | Depths:1 | Entered Level 1 of the Depths
 47668 | Depths:1 | Reached skill level 5 in Translocations
 47680 | Depths:1 | Found a gateway to a ziggurat.
 47819 | Depths:1 | Found a one-way gate leading to the halls of Pandemonium.
 47907 | Depths:1 | Found a gateway to Hell.
 48067 | Depths:1 | Found a runed warning-scrawled door.
 48165 | Depths:1 | Found a runed door.
 48190 | Depths:1 | Found a runed door.
 48254 | Depths:2 | Reached skill level 19 in Axes
 48260 | Depths:2 | Gained mutation: You resist negative energy. (rN+) [demonic ancestry]
 48260 | Depths:2 | Reached XP level 22. HP: 152/177 MP: 34/34
 49155 | Depths:2 | Found a one-way gate to the infinite horrors of the Abyss.
 49197 | Depths:2 | Noticed a greater mummy
 49205 | Depths:2 | Killed a greater mummy
 49504 | Depths:2 | Noticed a greater mummy
 49524 | Depths:2 | Killed a greater mummy
 49539 | Depths:2 | Noticed a greater mummy
 49543 | Depths:2 | Killed a greater mummy
 50067 | Depths:3 | Found a magical portal.
 50072 | WizLab   | Entered The Roulette of Golubria
 50242 | WizLab   | Found a corrupted altar of Lugonu.
 50266 | WizLab   | Found a corrupted altar of Lugonu.
 50620 | WizLab   | Identified Tezozxa's Volume of Translocation (You found it in a wizard's laboratory)
 50795 | WizLab   | Identified Golubria's Compendium of Hadjma (You found it in a wizard's laboratory)
 50799 | WizLab   | Learned a level 2 spell: Shroud of Golubria
 50828 | WizLab   | Got a faintly humming cloak
 50829 | WizLab   | Identified the -3 cloak of the Guardian {+Fly rElec rF+ Slay+2} (You found it in a wizard's laboratory)
 51499 | Depths:3 | Reached skill level 15 in Shields
 51596 | Depths:3 | Noticed a juggernaut
 51628 | Depths:3 | Killed a juggernaut
 51848 | Depths:3 | Reached skill level 15 in Armour
 52171 | Depths:3 | Noticed a golden dragon
 52180 | Depths:3 | Killed a golden dragon
 52252 | Depths:3 | Noticed an ancient lich
 52493 | Depths:3 | Gained mutation: A powerful demonic guardian rushes to your aid. [demonic ancestry]
 52493 | Depths:3 | Reached XP level 23. HP: 184/184 MP: 36/36
 52501 | Depths:3 | Killed an ancient lich
 53338 | Depths:4 | Found a corrupted altar of Lugonu.
 54128 | Depths:5 | Entered Level 5 of the Depths
 54153 | Depths:5 | Reached skill level 10 in Earth Magic
 55248 | Depths:5 | Reached skill level 10 in Spellcasting
 55444 | Depths:5 | Found a gate to the Realm of Zot.
 55925 | Crypt:1  | Entered Level 1 of the Crypt
 56112 | Crypt:1  | Reached XP level 24. HP: 40/193 MP: 37/37
 57870 | Crypt:2  | Reached skill level 20 in Axes
 57958 | Crypt:3  | Entered Level 3 of the Crypt
 58112 | Crypt:3  | Reached skill level 10 in Dodging
 58372 | Crypt:3  | Found a staircase to the Tomb.
 58372 | Crypt:3  | Noticed a greater mummy
 58386 | Crypt:3  | Killed a greater mummy
 58495 | Crypt:3  | Reached skill level 10 in Translocations
 58513 | Crypt:3  | Found a basalt altar of Yredelemnul.
 58922 | Crypt:3  | Identified the Catalogue of Battle Magic and Poisoning (You found it on level 3 of the Crypt)
 58981 | Crypt:3  | Got a pair of brightly glowing boots
 58982 | Crypt:3  | Identified the +2 pair of boots of Ybuphi {Str+3 Int+6 SInv} (You found it on level 3 of the Crypt)
 58998 | Crypt:3  | Got a heavily runed cloak
 58999 | Crypt:3  | Identified the +0 cloak "Zeulow" {rElec rPois Int-5 Dex-3} (You acquired it on level 3 of the Crypt)
 60328 | Vaults:5 | Entered Level 5 of the Vaults
 60523 | Vaults:5 | Reached XP level 25. HP: 171/199 MP: 37/37
 62026 | Vaults:5 | Learned a level 3 spell: Regeneration
 62061 | Vaults:5 | Reached skill level 1 in Necromancy
 62124 | Vaults:5 | Reached skill level 1 in Charms
 62730 | Vaults:5 | Got a faintly humming scale mail
 62731 | Vaults:5 | Identified the cursed +1 scale mail of Ucavo {Regen+ Str-2 Int+2} (You found it on level 5 of the Vaults)
 62922 | Vaults:5 | Got a silver rune of Zot
 62934 | Vaults:5 | Got a twitching granite ring
 62935 | Vaults:5 | Identified the ring "Jaqit" {+Blink rC+ rN+ Str+3} (You found it on level 5 of the Vaults)
 63010 | Vaults:5 | Got a flickering marble ring
 63013 | Vaults:5 | Identified the ring of Gutoicva {Ice Int+4} (You found it on level 5 of the Vaults)
 63233 | Vaults:5 | Noticed Bai Suzhen
 63243 | Vaults:5 | Killed Bai Suzhen
 63297 | Vaults:5 | Reached skill level 5 in Necromancy
 63309 | Vaults:5 | Found Izxefod's Antique Weapon Boutique.
 63757 | Zot:1    | Entered Level 1 of the Realm of Zot
 63765 | Zot:1    | Reached skill level 15 in Invocations
 63765 | Zot:1    | Gained mutation: You are somewhat able to resist unholy torments (1 in 2 success). [demonic ancestry]
 63765 | Zot:1    | Reached XP level 26. HP: 208/208 MP: 37/38
 64078 | Zot:1    | Got a pitted cloak
 64079 | Zot:1    | Identified the +5 cloak "Ynog Xab" {rCorr SInv} (You acquired it on level 1 of the Realm of Zot)
 64117 | Zot:1    | Reached skill level 5 in Charms
 64982 | Zot:2    | Identified the Guide on Quantum Flames
 65205 | Zot:2    | Got a pair of brightly glowing gloves
 65206 | Zot:2    | Identified the +0 pair of gloves of Servitude {rPois rF- MR+ Str+8} (You acquired it on level 2 of the Realm of Zot)
 66611 | Zot:3    | Gained mutation: Your melee attacks may debilitate your foes. [demonic ancestry]
 66611 | Zot:3    | Reached XP level 27. HP: 214/216 MP: 39/39
 67844 | Zot:5    | Entered Level 5 of the Realm of Zot
 68173 | Zot:5    | Reached skill level 10 in Necromancy
 68525 | Zot:5    | Noticed an ancient lich
 68529 | Zot:5    | Killed an ancient lich
 68552 | Zot:5    | Noticed an orb of fire
 68554 | Zot:5    | Noticed an orb of fire
 68556 | Zot:5    | Lost mutation: Your spells are a little harder to cast, but a little more powerful. [an orb of fire]
 68558 | Zot:5    | Lost mutation: Your mind is very acute. (Int +4) [an orb of fire]
 68560 | Zot:5    | Noticed an orb of fire
 68561 | Zot:5    | Gained mutation: Scrolls take you a little longer to read. [an orb of fire]
 68565 | Zot:5    | Noticed an ancient lich
 68588 | Zot:5    | Noticed an orb of fire
 68594 | Zot:5    | Killed an orb of fire
 68594 | Zot:5    | Killed an ancient lich
 68602 | Zot:5    | Killed an orb of fire
 68619 | Zot:4    | Gained mutation: You occasionally shout uncontrollably at your foes. [an orb of fire]
 68620 | Zot:4    | Killed an orb of fire
 68870 | Zot:5    | Killed an orb of fire
 68885 | Zot:5    | Noticed an ancient lich
 68890 | Zot:5    | Killed an ancient lich
 68898 | Zot:5    | Noticed an orb of fire
 68905 | Zot:5    | Killed an orb of fire
 68923 | Zot:5    | Reached skill level 10 in Charms
 69378 | Zot:5    | Noticed an orb of fire
 69386 | Zot:5    | Killed an orb of fire
 69653 | Zot:5    | Got the Orb of Zot
 69726 | Zot:3    | Noticed Muvaas the pandemonium lord
 69969 | D:14     | Noticed Bextik the pandemonium lord
 69982 | D:14     | Killed Bextik the pandemonium lord
 70297 | D:$      | Escaped with the Orb!

Vault maps used:
D:1:      scummos_arrival_forest
D:2:      first_bread, uniq_sigmund
D:3:      tso_metal_star, uniq_jessica, uniq_grinder
D:4:      cheibriados_altar_wand_db, uniq_pikel, uniq_duvessa
D:5:      due_unseen_surprise
D:6:      uniq_eustachio, uniq_edmund
D:7:      serial_shops, nicolae_shop_trees
D:9:      grunt_pizzeria
D:10:     minmay_lair_entry_grove, erik_orc_1, grunt_ministairs_2, uniq_snorg
D:11:     serial_shops, shop_coins, stair_cage_line
D:12:     serial_shops, nicolae_shop_temple_entry_statues_fountains, shop,
          nicolae_shop_temple_entry_statues_fountains, shop,
          nicolae_shop_behind_doors, uniq_kirke, uniq_erolcha, uniq_fannar
D:13:     basic_altar, minivault_8
D:14:     lemuel_upstairs_altar, grunt_vaults_entry_fortified,
          serial_bayou_pond_d, basic_altar, uniq_azrael
D:15:     grunt_enter_depths_snipers, minmay_three_doors, uniq_urug
Temple:   kilobyte_greek_temple
Lair:1:   serial_bayou_shore_b
Lair:2:   uniq_nergalle
Lair:3:   guppyfry_snake_entry_garden
Lair:4:   elwin_shoals_entry_rocks
Lair:5:   minivault_19, minivault_26, lemuel_fruit_tree, uniq_josephine
Lair:6:   hangedman_lair_tendril_chambers, wormcave, slime_altar_2,
          serial_bayou_pond_d, serial_bayou_shore_a
Shoals:1: uniq_aizul
Shoals:2: uniq_polyphemus, uniq_roxanne
Shoals:3: nicolae_shoals_kraken_intersection
Shoals:4: shoals_end_simple, shoals_ilsuiw_ice, nicolae_shoals_cliffside_cave,
          nicolae_shoals_water_shrine
Snake:1:  uniq_nikola
Snake:2:  basic_altar, uniq_vashnia
Snake:3:  serial_shops, shop_fountains
Snake:4:  snake_pit_salamanders_mu
Orc:1:    enter_bailey_7
Orc:2:    st_orc_mages, uniq_saint_roka
Elf:1:    eino_elf_arrival_sip, serial_shops, nicolae_shop_crystal,
          nicolae_shop_overgrown_old_shop, shop, minivault_28
Elf:2:    lemuel_flamethrower_2, basic_stair_grate_trap
Elf:3:    elf_hall, basic_altar, serial_shops, shop, st_stairs_5,
          grunt_megastairs_2
Vaults:1: v_misc_2, nicolae_vaults_alarming, v_misc_9, v_misc_1,
          nicolae_vaults_mini_display_case, st_star, vaults_dpeg_diagonal,
          ontoclasm_vaults_twist, v_pattern_3, grunt_vaults_bifocal,
          basic_altar, uniq_asterion
Vaults:2: nicolae_vaults_triangles, hangedman_vaults_cutoff, v_alt_pattern_5,
          vaults_room_semicircle, hangedman_vaults_stream,
          nicolae_vaults_network_barrier, vaults_room_large_hall,
          vaults_standard_mumra_x, basic_altar
Vaults:3: vaults_dpeg_encased_lava, minmay_crypt_entry_nasty_monster,
          vaults_room_hangedman_quadrants, nicolae_vaults_network_square,
          v_misc_26, nicolae_vaults_little_squares_6, v_misc_32,
          grunt_vaults_funnel, uniq_jory
Vaults:4: v_rooms_6, vaults_dpeg_ring, grunt_vaults_diagonal,
          nicolae_vaults_bisected_exclaves, vaults_mumra_hex, v_misc_26,
          v_alt_pattern_4, vaults_room_glass_cross,
          nicolae_vaults_big_angled_halls, ontoclasm_vaults_tryst, v_misc_3,
          ontoclasm_vaults_ligature, vaults_room_fancy_cross, serial_shops,
          shop, uniq_mara
Vaults:5: uniq_bai_suzhen
Crypt:2:  grunt_megastairs_3
Crypt:3:  evilmike_haunted_forest
Depths:1: enter_ziggurat_f, grunt_hell_entry_dis_grunt, minmay_misc_feat_cross,
          pan_entry, statue_in_the_mist_lemuel, hangedman_abyss_or_decor_passed,
          hangedman_decor_push, minmay_misc_feat_square, mikee_hates_you,
          serial_bayou_shore_b
Depths:2: minmay_guarded_unrand_sceptre_of_torment, hell_entry,
          abyss_entry_small_statue_room, infiniplex_staircase_pool_lava
Depths:3: minmay_tile_spiral, minmay_staircase_statues,
          pf_vacation_house_of_asmodeus, pan_entry,
          infiniplex_enter_wizlab_spiral, serial_bayou_pond_e
Depths:4: minmay_distorted_concentric_squares, abyss_entry_flame_altar,
          grunt_decor_cap, hell_entry, serial_sigils_hangedman_clutch,
          serial_bayou_shore_b, minmay_staircase_windowed_small
Depths:5: grunt_zot_entry_gee_three, hell_entry,
          hangedman_abyss_or_decor_jellyfish_corner, minmay_misc_feat_tower
Zot:2:    kennysheep_six_static_rooms, zot_minivault_1
Zot:4:    grunt_zot_stairs_overgrown
Bailey:   bailey_axe_1, bailey
WizLab:   wizlab_golubria

Skill      XL: |  1  2  3  4  5  6  7  8  9 10 11 12 13 14 15 16 17 18 19 20 21 22 23 24 25 26 27 |
---------------+----------------------------------------------------------------------------------+-----
Axes           | 2 3 5 6 7 8 9 10 11 13 14 15 16 17 18 19 20 | 20.5
Armour         | 3 5 6 7 9 10 11 12 13 14 15 16 17 | 17.1
Shields        | 3 4 5 6 7 9 10 11 12 13 14 15 16 17 | 17.3
Fighting       | 4 5 7 8 10 11 12 13 14 15 16 17 18 | 18.4
Invocations    | 2 6 9 10 11 13 15 16 18 | 18.8
Evocations     | 1 5 7 9 10 12 13 | 13.6
Earth Magic    | 3 5 6 7 8 9 10 11 12 13 | 13.3
Spellcasting   | 2 4 5 6 7 8 9 10 11 12 13 | 13.1
Dodging        | 2 4 5 6 8 9 10 11 12 | 12.8
Translocations | 2 5 7 9 10 11 | 11.0
Necromancy     | 5 8 12 | 12.2
Charms         | 4 7 10 | 10.5

Action                   |  1- 3 |  4- 6 |  7- 9 | 10-12 | 13-15 | 16-18 | 19-21 | 22-24 | 25-27 || total
-------------------------+-------+-------+-------+-------+-------+-------+-------+-------+-------++-------
Melee: War axe           |    67 |   107 |   371 |   491 |   225 |       |       |       |       ||  1261
       Headbutt          |     8 |    15 |    74 |   126 |   272 |   264 |   246 |   435 |   440 ||  1880
       Hand axe          |       |       |       |     4 |     9 |       |       |       |       ||    13
       Bite              |       |       |       |       |   174 |   156 |   160 |   248 |   244 ||   982
       Demon trident     |       |       |       |       |  1084 |   686 |       |       |       ||  1770
       Broad axe         |       |       |       |       |       |   390 |   883 |  1174 |  1063 ||  3510
 Cast: Lee's Rapid Decon |       |       |       |       |       |       |       |     2 |       ||     2
       Regeneration      |       |       |       |       |       |       |       |       |    13 ||    13
       Passwall          |       |       |       |       |       |       |       |       |     8 ||     8
       Passage of Golubr |       |       |       |       |       |       |       |       |     1 ||     1
Invok: Ancestor Identity |       |       |     1 |       |       |       |       |       |       ||     1
       Recall Ancestor   |       |       |       |     3 |     2 |     8 |    13 |     9 |     2 ||    37
       Ancestor Life: Ba |       |       |       |     1 |       |       |       |       |       ||     1
       Idealise          |       |       |       |       |       |       |       |     1 |     6 ||     7
Evoke: Wand              |       |       |     1 |       |     2 |     1 |       |     1 |     2 ||     7
       Phial of floods   |       |       |       |       |       |     3 |     1 |       |     2 ||     6
       Box of beasts     |       |       |       |       |       |     1 |     1 |       |     2 ||     4
       Sack of spiders   |       |       |       |       |       |     1 |       |       |     1 ||     2
  Use: Potion            |     1 |     2 |     1 |       |     5 |    11 |     2 |     4 |     4 ||    30
       Scroll            |       |     4 |    11 |     5 |    12 |    21 |    13 |     9 |    27 ||   102
 Stab: Distracted        |       |       |     2 |     5 |    13 |    17 |    16 |    26 |    21 ||   100
       Confused          |       |       |       |     2 |       |       |       |       |     1 ||     3
       Fleeing           |       |       |       |       |       |     1 |       |       |       ||     1
  Eat: Chunk             |     1 |     3 |    15 |    22 |    36 |     2 |       |     2 |     2 ||    83
       Fruit             |       |       |       |     1 |       |       |    23 |       |     4 ||    28
       Pizza             |       |       |       |     4 |    10 |     1 |     2 |     2 |     1 ||    20
       Royal jelly       |       |       |       |       |       |     3 |       |     3 |       ||     6
       Beef jerky        |       |       |       |       |       |     7 |       |     5 |     5 ||    17
       Meat ration       |       |       |       |       |       |     4 |     3 |     4 |     5 ||    16
Armor: Scale mail        |    55 |    49 |    27 |       |     4 |   381 |   282 |   269 |   281 ||  1348
       Chain mail        |       |       |   146 |   283 |   345 |       |       |       |       ||   774
Dodge: Dodged            |    32 |    24 |    93 |   132 |   339 |   346 |   318 |   477 |   622 ||  2383
Block: Shield            |    44 |    45 |   191 |   154 |       |       |       |       |       ||   434
       Reflection        |       |       |       |    11 |    31 |    62 |    68 |    13 |    25 ||   210
       Buckler           |       |       |       |   101 |   431 |   410 |   350 |   412 |   373 ||  2077
